 Dungeon Sprint DCSS version 0.30.1-5-ged363bc7ee (webtiles) character file.

Game seed: 7377128811210212353

7 Heoruswealwe the Trooper (level 2, -2/27 HPs)
             Began as a Hill Orc Fighter on Sept 19, 2023.
             Was a Follower of the Shining One.
             Slain by a cane toad (20 damage)
             ... in the Dungeon (Sprint VII: "The Pits").
             The game lasted 00:03:05 (167 turns).

Heoruswealwe the Trooper (Hill Orc Fighter)          Turns: 167, Time: 00:03:07

Health: -2/27      AC:  7    Str: 18    XL:     2   Next: 4%
Magic:  2/2        EV:  9    Int:  8    God:    the Shining One [*.....]
Gold:   0          SH:  4    Dex: 10    Spells: 1/1 levels left

rFire   . . .        a - +0 war axe
rCold   . . .        c - +0 buckler
rNeg    . . .        b - +0 scale mail
rPois   .            (no helmet)
rElec   .            (no cloak)
rCorr   .            (no gloves)
SInv    .            (no boots)
Will    .....        (no amulet) Stlth
                     (no ring)
HPRegen 0.24/turn    (no ring)
MPRegen 0.08/turn

%: no teleportation
@: lethally poisoned (-2 -> -11), glowing
A: no striking features
a: Renounce Religion, Divine Shield


You were in the Dungeon.
You worshipped the Shining One.
The Shining One was aware of your devotion.
You visited 1 branch

Inventory:

Hand Weapons
 a - a +0 war axe (weapon)
Armour
 b - a +0 scale mail (worn)
 c - a +0 buckler (worn)
Scrolls
 j - a scroll of blinking
Potions
 d - a potion of might
 e - a potion of curing
 f - a potion of heal wounds
 g - a potion of haste
 i - 3 potions of berserk rage
 k - 2 potions of invisibility


   Skills:
 + Level 4.3 Fighting
 + Level 3.7 Axes
 + Level 3.9 Armour
 + Level 3.9 Shields


You had one spell level left.
You didn't know any spells.
Your spell library was empty.

Dungeon Overview and Level Annotations

Branches:
Dungeon (1/1)

Altars:
Ashenzari
Cheibriados
Dithmenos
Elyvilon
Fedhas
Gozag
Hepliaklqana
Kikubaaqudgha
Makhleb
Nemelex Xobeh
Okawaru
Qazlal
Ru
Sif Muna
Trog
Uskayaw
Vehumet
Wu Jian
Xom
Yredelemnul
Zin
The Shining One
Beogh
Jiyva
Lugonu


Message History

Found three altars.
Found three altars.
There is a glowing golden altar of the Shining One here.
There is a glowing silver altar of Zin here.
There is a glowing golden altar of the Shining One here.
There is a glowing golden altar of the Shining One here.
You kneel at the altar of the Shining One.
The Shining One welcomes you!
There is an open door to the Temple (Safe) here.
There is an open door to the Storerooms (Easy) here.
You see here a quokka corpse.
You open the huge gate.
There is a huge open gate to the Metal Vault (Medium) here.
There is a huge open gate to the Metal Vault (Medium) here.
You open the gate.
You and your allies can now gain power from killing the unholy and evil.
You can now call upon the Shining One for a divine shield.
A cane toad, a water moccasin and a guardian mummy come into view.
The cane toad croaks.
The water moccasin hisses angrily.
You close the gate.
A guardian mummy breaks down the gate.
There is a huge open gate to the Metal Vault (Medium) here.
There is a huge open gate to the Metal Vault (Medium) here.
You block the water moccasin's attack.
There is an open door to the Entrance Hall (Safe) here.
You closely miss the water moccasin. You block the water moccasin's attack.
The water moccasin barely misses you.
You slash the water moccasin!
The water moccasin is moderately wounded.
You hit the cane toad but do no damage. The water moccasin bites you.
You are poisoned.
The water moccasin poisons you! The cane toad barely misses you.
The water moccasin barely misses you.
You closely miss the water moccasin.
The water moccasin is moderately wounded.
You slash the cane toad!
You feel very sick. The cane toad stings you!!
Ouch! That really hurt!
You die...

#_________.#
#_______...###########++######
##########'##................#
#.?(?')))'.##......#..#......#
##########.##................+
#...........†................+
#+#####)#####......#..#......#
#...†.##...FS..M........#
#####†#####@#####''######
#.....##.......##'F#
#.....##.......##.S#
###+####.......##..#
#...<...##..# ##
#.......##M.#..###
#.......##..#....##
#.......##..'...F.#
##########..'..S..+


You could see a guardian mummy, a cane toad and a water moccasin.

Vanquished Creatures
  An endoplasm (D)
  2 jackals (D)
  A kobold (D)
  A quokka (D)
  A frilled lizard (D)
6 creatures vanquished.

Notes
Turn   | Place    | Note
-------+----------+-------------------------------------------
     0 | D        | Heoruswealwe the Hill Orc Fighter began the quest for the
                  | Orb.
     0 | D        | Reached XP level 1. HP: 19/19 MP: 1/1
    51 | D        | Reached skill level 4 in Fighting
    67 | D        | Reached XP level 2. HP: 25/27 MP: 2/2
   105 | D        | Found a bloodstained altar of Trog.
   105 | D        | Found a shimmering blue altar of Sif Muna.
   105 | D        | Found a viscous altar of Jiyva.
   105 | D        | Found a hazy altar of Hepliaklqana.
   105 | D        | Found an opulent altar of Gozag.
   106 | D        | Found a glowing golden altar of the Shining One.
   106 | D        | Found a glowing silver altar of Zin.
   106 | D        | Found a basalt altar of Yredelemnul.
   106 | D        | Found a shimmering altar of Xom.
   106 | D        | Found an ornate altar of the Wu Jian Council.
   106 | D        | Found a sacrificial altar of Ru.
   106 | D        | Found a stormy altar of Qazlal.
   106 | D        | Found an iron altar of Okawaru.
   106 | D        | Found a sparkling altar of Nemelex Xobeh.
   106 | D        | Found a burning altar of Makhleb.
   106 | D        | Found a blossoming altar of Fedhas.
   106 | D        | Found a white marble altar of Elyvilon.
   106 | D        | Found a shadowy altar of Dithmenos.
   106 | D        | Found a snail-covered altar of Cheibriados.
   107 | D        | Found a radiant altar of Vehumet.
   107 | D        | Found a corrupted altar of Lugonu.
   107 | D        | Found a roughly hewn altar of Beogh.
   108 | D        | Found a hide-covered altar of Uskayaw.
   108 | D        | Found an ancient bone altar of Kikubaaqudgha.
   108 | D        | Found a broken altar of Ashenzari.
   116 | D        | Became a worshipper of the Shining One
   148 | D        | Noticed a cane toad
   148 | D        | Noticed a water moccasin
   148 | D        | Noticed a guardian mummy
   148 | D        | Reached * piety under the Shining One
   167 | D        | Slain by a cane toad

Illustrated notes

Levels and vault maps discovered:
D:        pitsprint [storerooms_1, entrance_room_1, metal_vault_1, armoury_1,
          mini_pit_1, grid_room_1, main_hall_1, silver_pit, the_coven_1,
          the_vestibule_1, steel_vault_1, golden_pit, hallway_of_sentries,
          crystal_vault_5, iron_vault_5, final_vault]

Skill      XL: |  1 |
---------------+----+-----
Axes           | 3 |  3.7
Fighting       | 4 |  4.3
Armour         | |  3.9
Shields        | |  3.9

Action                     || total
---------------------------++-------
  Melee: War axe           ||    16
 Armour: Scale mail        ||     7
  Dodge: Dodged            ||     7
  Block: Buckler           ||     3
